 Dungeon Crawl Stone Soup version 0.28.0-49-g6dfe1f597d (webtiles) character file.

Game seed: 2437901870057437798

77 nickcage the Cudgeller (level 4, -1/34 HPs)
             Began as a Formicid Gladiator on May 17, 2022.
             Slain by a gnoll
             ... wielding a +0 club
              (7 damage)
             ... on level 3 of the Dungeon.
             The game lasted 00:04:14 (2000 turns).

nickcage the Cudgeller (Formicid Gladiator)         Turns: 2000, Time: 00:04:15

Health: -1/34      AC:  3    Str: 21    XL:     4   Next: 60%
Magic:  4/4        EV: 12    Int:  7    God:
Gold:   70         SH:  0    Dex: 18    Spells: 3/3 levels left

rFire   . . .      SeeInvis +   a - +0 flail
rCold   . . .      Faith    .   (no shield)
rNeg    . . .      Spirit   .   b - +0 leather armour
rPois   .          Reflect  .   (helmet unavailable)
rElec   .          Harm     .   (no cloak)
rCorr   .          Rampage  .   (no gloves)
Will    .....                   (no boots)
Stlth   +.........              (no amulet)
HPRegen 0.11/turn               g - +6 ring of dexterity
MPRegen 0.09/turn               (no ring)

@: no status effects
A: permanent stasis, dig shafts and tunnels, antennae 3, four strong arms
a: Dig, Shaft Self


You were on level 3 of the Dungeon.
You visited 1 branch of the dungeon, and saw 3 of its levels.

You collected 70 gold pieces.

Inventory:

Hand Weapons
 a - a +0 flail (weapon)
Missiles
 c - 3 throwing nets
 e - 6 poisoned darts (quivered)
Armour
 b - a +0 leather armour (worn)
Jewellery
 g - a +6 ring of dexterity (left hand)
Scrolls
 d - a scroll of magic mapping {unknown}
 f - a scroll of blinking {unknown}
 h - a scroll of enchant weapon {unknown}
 i - a scroll of amnesia {unknown}
Potions
 j - a potion of berserk rage {unknown}
 k - a potion of lignification {unknown}


   Skills:
 + Level 2.6 Fighting
 * Level 4.6 Maces & Flails
 - Level 2.0 Throwing
 - Level 1.0 Armour
 - Level 2.6 Dodging


You had 3 spell levels left.
You didn't know any spells.
Your spell library contained the following spells:

 Spells                   Type           Power      Damage    Failure   Level
 Call Canine Familiar     Summ           0%         N/A       85%         3
 Ozocubu's Armour         Ice            0%         N/A       85%         3
 Portal Projectile        Hex/Tloc       0%         N/A       85%         3
 Leda's Liquefaction      Hex/Erth       0%         N/A       99%         4
 Metabolic Englaciation   Hex/Ice        0%         N/A       100%        5
 Simulacrum               Ice/Necr       0%         N/A       100%        6


Dungeon Overview and Level Annotations

Branches:
Dungeon (3/15)

Altars:

Shops:
D:2 [


Innate Abilities, Weirdness & Mutations

You cannot be hasted, slowed, berserked, paralysed or teleported.
You can dig through walls and to a lower floor.
You have a pair of large antennae on your head. (SInv)
Your four strong arms can wield two-handed weapons with a shield.


Message History

You kill the jackal!
You hit the gnoll.
The gnoll is lightly wounded.
The gnoll closely misses you. The gnoll hits you but does no damage.
You barely miss the gnoll.
The gnoll is lightly wounded.
The gnoll hits you with a +0 club.
You hit the gnoll.
The gnoll is moderately wounded.
The gnoll barely misses you.
You barely miss the gnoll.
The gnoll is moderately wounded.
The gnoll hits you with a +0 club.
You hit the gnoll.
The gnoll is severely wounded.
The gnoll closely misses you.
You barely miss the gnoll.
The gnoll is severely wounded.
The gnoll hits you with a +0 club.
You sock the gnoll!
You kill the gnoll!
You closely miss the gnoll. The gnoll hits you with a +0 flail!
You sock the gnoll!
The gnoll is almost dead.
The gnoll closely misses you.
You completely miss the gnoll.
The gnoll is almost dead.
The gnoll misses you.
You sock the gnoll!
You kill the gnoll!
You barely miss the gnoll. The gnoll hits you with a +0 club!
* * * LOW HITPOINT WARNING * * *
The gnoll barely misses you.
You hit the gnoll.
The gnoll is lightly wounded.
The gnoll misses you.
You thump the gnoll!
The gnoll is severely wounded.
The gnoll hits you with a +0 club!
You die...

#. .>.# .#...
.... #g? #### #.#
..####.#>#...
#.##....g.#
####.##.#.......#
#....@gl#.##.#..#
# #.##.####..
....# #.##.##.#
#.#. #.#
#.......# #.#.#
.# ####.#### #..
. # #.......# ..
.. #.##.##.# { #
#.##.## #.....#


You could see a gnoll and a frilled lizard.

Vanquished Creatures
  2 gnolls (D:3)
  2 adders (D:2)
  A worm (D:2)
  3 bats
  4 endoplasms (D:1)
  4 goblins
  A hobgoblin (D:1)
  6 jackals
  3 quokkas (D:2)
  7 frilled lizards
  A kobold (D:2)
  3 rats
37 creatures vanquished.

Notes
Turn   | Place    | Note
-------+----------+-------------------------------------------
     0 | D:1      | nickcage the Formicid Gladiator began the quest for the
                  | Orb.
     0 | D:1      | Reached XP level 1. HP: 16/16 MP: 1/1
   182 | D:1      | Reached XP level 2. HP: 8/22 MP: 2/2
   694 | D:1      | Found a faded altar of an unknown god.
  1025 | D:2      | Reached XP level 3. HP: 25/28 MP: 3/3
  1027 | D:2      | Reached skill level 4 in Maces & Flails
  1138 | D:2      | Found Nethrec's Antique Armour Boutique.
  1450 | D:2      | Reached XP level 4. HP: 31/34 MP: 4/4
  1590 | D:2      | Reached skill level 1 in Armour
  2000 | D:3      | Slain by a gnoll

Illustrated notes

Levels and vault maps discovered:
D:1:      lightli_arrival_statuegarden, layout_basic,
          ebering_ecumenical_altar_sacrificial, minmay_misc_feat_four_crosses
D:2:      layout_loops_ring, serial_shops, shop_statue
D:3:      layout_loops_cross, serial_shops, shop, gammafunk_ghost_necromancy,
          uniq_terence

Skill      XL: |  1  2  3  4 |
---------------+-------------+-----
Maces & Flails | 4 |  4.6
Armour         | 1 |  1.0
Fighting       | |  2.6
Throwing       | |  2.0
Dodging        | |  2.6

Action                   |  1- 3 |  4- 6 || total
-------------------------+-------+-------++-------
Melee: Flail             |    86 |    37 ||   123
 Stab: Sleeping          |       |     1 ||     1
Armor: Leather armour    |    20 |    14 ||    34
Dodge: Dodged            |    68 |    24 ||    92
